 Dungeon Crawl Stone Soup version 0.31-a0-196-g86fe4a5e66 (webtiles) character file.

Game seed: 6822996150393641275

37 qw the Shooter (level 3, -4/20 HPs)
             Began as a Deep Elf Hunter on June 24, 2023.
             Slain by Natasha (7 damage)
             ... on level 2 of the Dungeon.
             The game lasted 00:00:22 (764 turns).

qw the Shooter (Deep Elf Hunter)                     Turns: 764, Time: 00:00:22

Health: -4/20      AC:  7    Str: 10    XL:     3   Next: 21%
Magic:  5/5        EV:  9    Int: 13    God:
Gold:   28         SH:  0    Dex: 18    Spells: 2/2 levels left

rFire   . . .        Y - +1 shortbow (flame)
rCold   . . .        (shield currently unavailable)
rNeg    . . .        f - +0 scale mail
rPois   .            (no helmet)
rElec   .            (no cloak)
rCorr   .            b - +0 pair of gloves
SInv    .            (no boots)
Will    .....        (no amulet)
Stlth   +            (no ring)
HPRegen 0.23/turn    (no ring)
MPRegen 0.09/turn

%: no passive effects
@: about to teleport, slowed, very slow
A: no striking features
a: no special abilities


You were on level 2 of the Dungeon.
You visited 1 branch of the dungeon, and saw 2 of its levels.

You collected 28 gold pieces.


   Skills:
 - Level 1.5 Fighting
 + Level 6.8 Ranged Weapons
 - Level 2.4 Dodging
 - Level 1.2 Stealth


You had 2 spell levels left.
You didn't know any spells.
Your spell library was empty.

Inventory:

Hand Weapons
 Y - a +1 shortbow of flaming (weapon)
Armour
 b - a +0 pair of gloves (worn)
 f - a +0 scale mail (worn)
Scrolls
 g - a scroll of teleportation
Potions
 a - a potion of haste {unknown}
 e - a potion of heal wounds {unknown}
 h - a potion of mutation {unknown}

Dungeon Overview and Level Annotations

Branches:
Dungeon (2/15)

Altars:

Shops:
D:2 ?

Annotations:
D:2 Natasha


Message History

a - a bubbling brown potion You open the door.
Found a trident.
There is an open door here.
A sourceless malevolence fills the Dungeon... and a teleportation trap spontaneously manifests!
You are yanked towards a nearby monster!
Your surroundings suddenly seem different.
Natasha, Servant of Life and Death comes into view.
She is carrying a wand of digging (4).
Found a dagger and a scroll of revelation.
Natasha hisses angrily.
You shoot an arrow. The arrow hits Natasha.
The arrow burns Natasha.
Natasha is moderately wounded.
Natasha mumbles some strange words.
Natasha's front paws start to glow.
Natasha casts a spell at you.
You feel yourself slow down. Natasha closely misses you.
You shoot an arrow.
The arrow hits Natasha but does no damage.
Natasha is moderately wounded.
Natasha mumbles some strange words. x2
You shoot an arrow. The arrow barely misses Natasha.
The cerulean imp hits you from afar with a +1 spear.
The cerulean imp hits you with a +0 spear.
Natasha claws you. The cerulean imp closely misses you.
Natasha stares at you and mumbles some strange words.
The magic dart hits you! The cerulean imp barely misses you.
763 ||| READING 2 scrolls of teleportation.
As you read the scroll of teleportation, it crumbles to dust.
You feel strangely unstable. The cerulean imp closely misses you.
The cerulean imp hits you but does no damage.
Natasha claws you but does no damage.
You shoot an arrow. The arrow hits Natasha.
The arrow burns Natasha.
Natasha is severely wounded.
The cerulean imp hits you but does no damage.
Natasha closely misses you.
The cerulean imp hits you but does no damage.
The cerulean imp hits you from afar with a +1 spear.
The cerulean imp barely misses you. Natasha claws you!
You die...

#. #.
######.#####
...........#
...........#
.........5.#
......5h...#
.......@...#
..........)#
...........#
...........#
...........#
...........#
..?........#
...........#


You could see Natasha and 2 cerulean imps.

Vanquished Creatures
  A dart slug (D:1)
  3 bats (D:1)
  6 endoplasms (D:1)
  5 goblins
  2 hobgoblins (D:1)
  6 kobolds (D:1)
  3 ball pythons (D:1)
  2 frilled lizards (D:1)
  A rat (D:1)
29 creatures vanquished.

Notes
Turn   | Place    | Note
-------+----------+-------------------------------------------
     0 | D:1      | qw the Deep Elf Hunter began the quest for the Orb.
     0 | D:1      | Reached XP level 1. HP: 12/12 MP: 3/3
     0 | D:1      | 0 ||| qw: Version: 0.3-a-9-g12657ce
     0 | D:1      | 0 ||| qw: Game counter: 4798
     0 | D:1      | 0 ||| qw: Always use a shield: true
     0 | D:1      | 0 ||| qw: God list: Okawaru
     0 | D:1      | 0 ||| qw: Allow faded altars: false
     0 | D:1      | 0 ||| qw: Do Orc after D:15 true
     0 | D:1      | 0 ||| qw: Do second Lair branch before Depths: true
     0 | D:1      | 0 ||| qw: Lair rune preference: random
     0 | D:1      | 0 ||| qw: Plans: Normal
     0 | D:1      | 0 ||| PLANNING D:1-11
    75 | D:1      | You fall into a shaft and drop 1 floor!
    76 | D:2      | 76 ||| READING scroll labelled QIKLUPT QYDUVA.
    77 | D:2      | 77 ||| DROPPING scroll of butterflies.
   127 | D:1      | Reached XP level 2. HP: 16/16 MP: 4/4
   131 | D:1      | Reached skill level 6 in Ranged Weapons
   396 | D:1      | Reached XP level 3. HP: 20/20 MP: 5/5
   691 | D:1      | 691 ||| UPGRADING to +0 pair of gloves.
   696 | D:1      | 696 ||| UPGRADING to +0 scale mail.
   706 | D:1      | 706 ||| DROPPING +0 leather armour.
   707 | D:1      | 707 ||| READING scroll labelled JEAL WYIGOTO.
   708 | D:1      | 708 ||| READING scroll labelled DOBIS ZEILAAD.
   709 | D:1      | 709 ||| READING 3 scrolls labelled QUCECUE HINA.
   757 | D:2      | Found Laxeegh's Magic Scroll Shoppe.
   759 | D:2      | Noticed Natasha
   762 | D:2      | HP: 5/20 [Natasha/magic dart (7)]
   763 | D:2      | 763 ||| READING 2 scrolls of teleportation.
   764 | D:2      | Slain by Natasha

Levels and vault maps discovered:
D:1:      ncdulo_halloftheorcs, layout_basic
D:2:      layout_basic, serial_shops, nicolae_shop_rolling_square,
          hellmonk_ecumenical_altar_leap_of_faith, uniq_robin, uniq_natasha

Skill      XL: |  1  2 |
---------------+-------+-----
Ranged Weapons | 6 |  6.8
Fighting       | |  1.5
Dodging        | |  2.4
Stealth        | |  1.2

Action                     || total
---------------------------++-------
   Fire: Shortbow          ||    85
    Use: Scroll            ||     5
 Armour: Leather armour    ||     9
         Scale mail        ||     4
  Dodge: Dodged            ||    32

Table legend:
 A = Non-vault XP
 B = Vault XP
 C = Vault XP percentage of total XP
 D = Non-vault monster count
 E = Vault monster count
 F = Vault count percentage of total count
                 A         B        C        D         E       F
            +---------+---------+-------+---------+---------+-------
      Total |      53 |       0 |   0.0 |      29 |       0 |   0.0
            +---------+---------+-------+---------+---------+-------
        D:1 |      51 |       0 |   0.0 |      28 |       0 |   0.0
        D:2 |       2 |       0 |   0.0 |       1 |       0 |   0.0
            +---------+---------+-------+---------+---------+-------
